[Event "Titled Tuesday Blitz August 1 Early 2023"]
[White "Klukin, Kirill"]
[Black "Golubev, Mikhail"]
[WhiteFideId "24199273"]
[BlackFideId "14100983"]
[WhiteElo "2692"]
[BlackElo "2545"]
[Result "1/2-1/2"]
[Round "10"]
[TimeControl "180+1"]
[Date "2023.08.01"]
[WhiteClock "0:00:04"]
[BlackClock "0:00:03"]
[Board "48"]

1. d4 Nf6 2. Nf3 g6 3. e3 Bg7 4. Be2 O-O 5. O-O b6 6. c4 Bb7 7. b3 c5 8. Bb2 cxd4 9. Nxd4 d5 10. Nc3 dxc4 11. Bxc4 Nbd7 12. Qe2 a6 13. b4 b5 14. Bb3 Rc8 15. Rfd1 Qb6 16. a4 bxa4 17. Nxa4 Qa7 18. b5 axb5 19. Nxb5 Qb8 20. Nac3 Nc5 21. Bc4 h5 22. f3 Rfd8 23. Rxd8+ Rxd8 24. Ba3 Nfd7 25. Rd1 Rc8 26. Nd5 Bxd5 27. Bxd5 e6 28. Ba2 Ne5 29. Nd6 Rc7 30. Nc4 Qa8 31. Bb4 Nxc4 32. Bxc4 Nd7 33. Bd6 Ra7 34. h3 Be5 35. Qd2 Bxd6 36. Qxd6 Nf6 37. Qe5 Kg7 38. g4 Ra5 39. Qf4 hxg4 40. hxg4 g5 41. Qg3 Qa7 42. Qf2 Qc5 43. Bf1 Nd5 44. e4 Qxf2+ 45. Kxf2 Ra2+ 46. Ke1 Ne3 47. Rb1 Nc2+ 48. Kd1 Ne3+ 49. Ke1 Nc2+ 50. Kd1 Ne3+ 51. Ke1 1/2-1/2


[Site "https://www.chess.com"]

[Event "Titled Tuesday Blitz August 1 Early 2023"]
[White "Gontcharov, Vladislav"]
[Black "Do Valle Cardoso, Lucas"]
[WhiteFideId "4123492"]
[BlackFideId "2163144"]
[WhiteElo "2545"]
[BlackElo "2671"]
[Result "0-1"]
[Round "10"]
[TimeControl "180+1"]
[Date "2023.08.01"]
[WhiteClock "0:00:53"]
[BlackClock "0:01:17"]
[Board "49"]

1. d4 d5 2. c4 dxc4 3. Nf3 Nf6 4. e3 b5 5. a4 b4 6. Bxc4 e6 7. O-O Be7 8. Qe2 O-O 9. e4 Bb7 10. Bd3 Nbd7 11. Nbd2 c5 12. e5 Nd5 13. Ne4 cxd4 14. Neg5 g6 15. h4 Nc5 16. h5 Nb3 17. hxg6 Nxc1 18. gxf7+ Rxf7 19. Qe4 Bxg5 20. Nxg5 Qxg5 21. Raxc1 Nf4 0-1


[Site "https://www.chess.com"]

[Event "Titled Tuesday Blitz August 1 Early 2023"]
[White "Hua, Lefong"]
[Black "Thecourseoisildur"]
[WhiteFideId "2602253"]
[WhiteElo "2659"]
[BlackElo "2543"]
[Result "1/2-1/2"]
[Round "10"]
[TimeControl "180+1"]
[Date "2023.08.01"]
[WhiteClock "0:00:16"]
[BlackClock "0:00:02"]
[Board "50"]

1. d4 Nf6 2. c4 g6 3. Nc3 d5 4. cxd5 Nxd5 5. e4 Nxc3 6. bxc3 Bg7 7. Nf3 c5 8. Rb1 O-O 9. Be2 b6 10. O-O Bb7 11. d5 Bxc3 12. Bc4 Bg7 13. Qd3 Qc8 14. e5 Ba6 15. e6 fxe6 16. Ng5 Bxc4 17. Qxc4 Qa6 18. Qe4 e5 19. Qh4 h5 20. Ne6 Nd7 21. Bg5 Qxa2 22. Nxf8 Nxf8 23. Qe4 e6 24. dxe6 Re8 25. e7 Nh7 26. Qxg6 Qf7 27. Qxf7+ Kxf7 28. f4 Nxg5 29. fxg5+ Kxe7 30. Ra1 a5 31. Rab1 Rb8 32. g6 Bf6 33. Rf5 b5 34. Rbf1 Bh8 35. g7 Bxg7 36. Rf7+ Kd6 37. Rd1+ Kc6 38. Rxg7 b4 39. Rg5 a4 40. Rxe5 a3 41. Rdd5 Rb5 42. Rd8 b3 43. Re6+ Kc7 44. Rde8 b2 45. R8e7+ Kd8 46. Re8+ Kd7 47. R8e7+ Kc8 48. Re8+ Kb7 49. R8e7+ Kc8 50. Re8+ Kc7 51. R8e7+ Kb8 52. Re8+ Kc7 1/2-1/2


[Site "https://www.chess.com"]

[Event "Titled Tuesday Blitz August 1 Early 2023"]
[White "Manukyan, Sargis A."]
[Black "Kleiman, Jake"]
[WhiteFideId "13303970"]
[BlackFideId "2020041"]
[WhiteElo "2643"]
[BlackElo "2537"]
[Result "1-0"]
[Round "10"]
[TimeControl "180+1"]
[Date "2023.08.01"]
[WhiteClock "0:02:05"]
[BlackClock "0:00:08"]
[Board "51"]

1. d4 Nf6 2. c4 e6 3. Nc3 Bb4 4. a3 Bxc3+ 5. bxc3 O-O 6. e3 c5 7. Bd3 Nc6 8. Ne2 b6 9. O-O Ba6 10. e4 Ne8 11. Ng3 d6 12. f4 Na5 13. f5 e5 14. d5 f6 15. Nh5 Bxc4 16. Bxc4 Nxc4 17. g4 b5 18. h4 Qb6 19. Ra2 b4 20. Rg2 b3 21. g5 b2 22. gxf6 bxc1=Q 23. Qxc1 Rf7 24. Qh6 Qc7 25. Kh1 Rb8 26. fxg7 Nxg7 27. f6 Qd7 28. Kh2 Kh8 29. Qxg7+ Rxg7 30. fxg7+ Kg8 31. Nf6+ Kf7 32. Nxd7+ Ke7 33. Nxb8 1-0


[Site "https://www.chess.com"]

[Event "Titled Tuesday Blitz August 1 Early 2023"]
[White "Timerkhanov, Alexander"]
[Black "Berezin, Viktor"]
[WhiteFideId "24177938"]
[BlackFideId "14107872"]
[WhiteElo "2640"]
[BlackElo "2533"]
[Result "1-0"]
[Round "10"]
[TimeControl "180+1"]
[Date "2023.08.01"]
[WhiteClock "0:00:39"]
[BlackClock "0:00:20"]
[Board "52"]

1. d4 Nf6 2. Bg5 Ne4 3. h4 d6 4. Nd2 Bf5 5. Nxe4 Bxe4 6. f3 Bf5 7. e4 Bc8 8. h5 c5 9. Be3 Nc6 10. dxc5 Qa5+ 11. Qd2 Qxd2+ 12. Kxd2 dxc5 13. Bxc5 e5 14. Bxf8 Kxf8 15. c3 Ke7 16. Bb5 Rd8+ 17. Ke3 Nb8 18. Ne2 a6 19. Bc4 Be6 20. Bxe6 Kxe6 21. Rad1 Nc6 22. g4 Na5 23. b3 b5 24. g5 Nc6 25. f4 a5 26. f5+ Ke7 27. Rd5 Rxd5 28. exd5 Nb8 29. Ke4 Kd6 30. g6 Nd7 31. h6 hxg6 32. fxg6 fxg6 33. hxg7 Rg8 34. c4 Rxg7 35. Nc3 bxc4 36. bxc4 Nf6+ 37. Kd3 g5 38. Rh6 Ke7 39. d6+ Kf7 40. c5 g4 41. c6 g3 42. c7 Rg8 43. Ne2 g2 44. Rxf6+ Kxf6 45. d7 Rg3+ 46. Kd2 g1=Q 47. d8=Q+ 1-0


[Site "https://www.chess.com"]

[Event "Titled Tuesday Blitz August 1 Early 2023"]
[White "Estrada Nieto, Julian"]
[Black "Sipila, Vilka"]
[WhiteFideId "5101018"]
[BlackFideId "505455"]
[WhiteElo "2529"]
[BlackElo "2637"]
[Result "0-1"]
[Round "10"]
[TimeControl "180+1"]
[Date "2023.08.01"]
[WhiteClock "0:00:00"]
[BlackClock "0:00:43"]
[Board "53"]

1. e4 c5 2. Nf3 e6 3. c3 Nf6 4. e5 Nd5 5. Bc4 Nb6 6. Bb3 c4 7. Bc2 d6 8. d4 cxd3 9. Qxd3 Nc6 10. exd6 Qxd6 11. Qe2 Be7 12. O-O O-O 13. Rd1 Qc7 14. Nbd2 Rd8 15. Ne4 Rxd1+ 16. Qxd1 h6 17. Qd3 f5 18. Ng3 Bd7 19. Bd2 Rc8 20. Bb3 Kh8 21. Re1 Rd8 22. Qe2 Bd6 23. c4 Bc5 24. Bc3 Bc8 25. Ne5 Nd4 26. Qh5 Kg8 27. Qg6 Rf8 28. Nh5 Qe7 29. Qg3 Qg5 30. Qxg5 hxg5 31. Rd1 Rd8 32. Kf1 Rd6 33. Ng3 Bd7 34. Nd3 Nxb3 35. axb3 Nc8 36. Ke2 b6 37. Nxc5 Rxd1 38. Kxd1 bxc5 39. Be5 Bc6 40. f3 g4 41. Ke2 gxf3+ 42. gxf3 Kf7 43. Nf1 g5 44. Nd2 Ke7 45. Ke3 Nd6 46. Bxd6+ Kxd6 47. f4 e5 48. fxg5 Ke6 49. h4 f4+ 50. Kf2 Kf5 0-1


[Site "https://www.chess.com"]

[Event "Titled Tuesday Blitz August 1 Early 2023"]
[White "Tikhonov, Viacheslav"]
[Black "Jain Kashish Manoj"]
[WhiteFideId "44196407"]
[BlackFideId "35081098"]
[WhiteElo "2524"]
[BlackElo "2608"]
[Result "0-1"]
[Round "10"]
[TimeControl "180+1"]
[Date "2023.08.01"]
[WhiteClock "0:00:00"]
[BlackClock "0:00:04"]
[Board "54"]

1. d4 Nf6 2. c4 g6 3. Nc3 Bg7 4. e4 d6 5. h3 O-O 6. Be3 e5 7. d5 a5 8. g4 Na6 9. Qd2 Nd7 10. h4 Ndc5 11. f3 Bd7 12. Nge2 c6 13. Ng3 cxd5 14. cxd5 a4 15. h5 Qa5 16. Rc1 Rfc8 17. hxg6 fxg6 18. Kf2 Rf8 19. Kg2 Rf7 20. Be2 Rb8 21. Nb5 Qb6 22. Nc3 Qa5 23. Nb5 Qb6 24. Na3 Qd8 25. Bb5 Bxb5 26. Nxb5 Qf6 27. Rhf1 Qe7 28. Qe2 Qd7 29. Rc2 Rbf8 30. Rf2 Bf6 31. Bh6 Bg7 32. Be3 Bf6 33. Bh6 Re8 34. Rc1 Bh4 35. Be3 Ref8 36. Rh1 Bxg3 37. Kxg3 Rf6 38. Bg5 R6f7 39. Bh6 Re8 40. Be3 Ref8 41. Rh3 Qe7 42. Kg2 Qd7 43. Bc1 Nb4 44. Bh6 Nbd3 45. Qe3 Nxf2 46. Kxf2 Qxb5 47. Bxf8 Kxf8 48. Qg5 Kg8 49. Qd8+ Rf8 50. Qe7 Rf7 51. Qd8+ Kg7 52. Qxd6 Nxe4+ 0-1


[Site "https://www.chess.com"]

[Event "Titled Tuesday Blitz August 1 Early 2023"]
[White "Bochnicka, Vladimir"]
[Black "Lana Rodriguez, David"]
[WhiteFideId "14943450"]
[BlackFideId "2270803"]
[WhiteElo "2478"]
[BlackElo "2604"]
[Result "0-1"]
[Round "10"]
[TimeControl "180+1"]
[Date "2023.08.01"]
[WhiteClock "0:00:00"]
[BlackClock "0:00:44"]
[Board "55"]

1. e4 d5 2. exd5 Qxd5 3. Nc3 Qa5 4. d4 Nf6 5. Bd2 Qb6 6. Nf3 Bg4 7. Bc4 e6 8. Bb3 c6 9. h3 Bxf3 10. Qxf3 Qxd4 11. O-O-O Bc5 12. Rhf1 O-O 13. Kb1 Qe5 14. Rfe1 Qf5 15. Bf4 Nd5 16. Nxd5 exd5 17. g4 Qf6 18. Qg3 Nd7 19. c3 Rfe8 20. Bc2 Nf8 21. h4 Ng6 22. Bxg6 hxg6 23. f3 Qd8 24. Rh1 Be3 25. h5 Bxf4 26. Qxf4 Qf6 27. Qh2 gxh5 28. Qxh5 Qg6+ 29. Qxg6 fxg6 30. Rd2 Re3 31. Rdh2 Rf8 32. Rh8+ Kf7 33. Rxf8+ Kxf8 34. Rh3 Kf7 35. Kc2 Re2+ 36. Kb3 Rf2 37. a4 b6 38. Ka3 c5 39. b4 c4 40. a5 Rc2 41. axb6 axb6 42. f4 b5 43. Rf3 Kf6 44. f5 g5 45. Rg3 Rd2 46. Re3 Rd3 47. Rxd3 cxd3 48. Kb2 Ke5 49. Kc1 d4 50. Kd2 Ke4 51. cxd4 Kxd4 0-1


[Site "https://www.chess.com"]

[Event "Titled Tuesday Blitz August 1 Early 2023"]
[White "Sturt, Raven"]
[Black "Bazilius, Augustinas"]
[WhiteFideId "2007304"]
[BlackFideId "12832251"]
[WhiteElo "2602"]
[BlackElo "2442"]
[Result "0-1"]
[Round "10"]
[TimeControl "180+1"]
[Date "2023.08.01"]
[WhiteClock "0:00:03"]
[BlackClock "0:00:05"]
[Board "56"]

1. d4 Nf6 2. c4 c5 3. Nf3 cxd4 4. Nxd4 Nc6 5. Nc3 g6 6. g3 Bg7 7. Bg2 O-O 8. O-O Qa5 9. Nb3 Qh5 10. e4 Qxd1 11. Rxd1 d6 12. Bg5 h6 13. Bf4 g5 14. Be3 Ng4 15. Bd2 Nge5 16. c5 dxc5 17. Nxc5 Nc4 18. Nd5 Nxb2 19. Rdc1 b6 20. Nb3 Ne5 21. Nxe7+ Kh7 22. f4 Ned3 23. Rc7 Be6 24. e5 Rad8 25. Be4+ Kh8 26. Rf1 Bh3 27. Rb1 gxf4 28. gxf4 Be6 29. Be3 Nc4 30. Rxc4 Bxc4 31. Nd2 Bxa2 32. Ra1 Nb4 33. Nf3 Rd7 34. Nf5 Bd5 35. Bxd5 Nxd5 36. Bd2 a5 37. Kf2 Rc8 38. Rg1 Bf8 39. e6 fxe6 40. Ne5 exf5 41. Kf3 Rd6 42. Nf7+ Kh7 43. Nxd6 Bxd6 44. Rd1 Bc5 45. Bc1 Nf6 46. Bb2 Kg6 47. Re1 Rc6 48. Rd1 Rd6 49. Rc1 Rd3+ 50. Ke2 Re3+ 51. Kd2 Ne4+ 52. Kc2 Rf3 53. Kb1 Rxf4 54. Be5 Rf2 55. Rc2 Rxc2 56. Kxc2 a4 57. h4 a3 58. Kb3 Nd2+ 59. Ka2 Nf3 60. Bf4 Nxh4 0-1


[Site "https://www.chess.com"]

[Event "Titled Tuesday Blitz August 1 Early 2023"]
[White "Cnejev, Vladimir-Alexandru"]
[Black "Jahnz, Fabian"]
[WhiteFideId "1260898"]
[BlackFideId "4653300"]
[WhiteElo "2579"]
[BlackElo "2384"]
[Result "1-0"]
[Round "10"]
[TimeControl "180+1"]
[Date "2023.08.01"]
[WhiteClock "0:01:16"]
[BlackClock "0:00:47"]
[Board "57"]

1. e4 c6 2. d4 d5 3. exd5 cxd5 4. Bd3 Nf6 5. c3 Qc7 6. h3 Nc6 7. Nf3 g6 8. O-O Bg7 9. Re1 Bf5 10. Bxf5 gxf5 11. Nh4 Qd7 12. Qf3 O-O-O 13. Nxf5 Rhg8 14. Nd2 Bh8 15. Nh6 Rg7 16. Qf5 Qxf5 17. Nxf5 Rg5 18. Nxe7+ Kc7 19. Nxc6 Kxc6 20. Nf3 Rf5 21. Ne5+ Kb6 22. g4 Rg8 23. Kf1 Nxg4 24. hxg4 Bxe5 25. gxf5 1-0


[Site "https://www.chess.com"]

[Event "Titled Tuesday Blitz August 1 Early 2023"]
[White "Pastar, Slaven"]
[Black "Sychev, Klementy"]
[WhiteFideId "14402718"]
[BlackFideId "4114060"]
[WhiteElo "2575"]
[BlackElo "2783"]
[Result "0-1"]
[Round "10"]
[TimeControl "180+1"]
[Date "2023.08.01"]
[WhiteClock "0:00:04"]
[BlackClock "0:00:22"]
[Board "58"]

1. b3 d5 2. Bb2 Nf6 3. Nf3 Bf5 4. e4 dxe4 5. Ne5 Nbd7 6. Nc4 e6 7. h3 Be7 8. g4 Bg6 9. Bg2 b5 10. Na5 Qc8 11. Nc6 Bd6 12. Qe2 Qb7 13. Nd4 a6 14. c3 c5 15. Nc2 Ne5 16. Ne3 Nd3+ 17. Qxd3 O-O 18. Qe2 Nd5 19. Nxd5 exd5 20. Na3 f5 21. gxf5 Rxf5 22. Nc2 Bh5 23. Qe3 Raf8 24. O-O Qc7 25. c4 Rf3 26. Qg5 R8f5 27. Qxg7+ Qxg7 28. Bxg7 Kxg7 29. Ne3 Rg5 30. cxd5 Rxh3 31. Rfc1 Bf3 32. Rc3 Rh2 33. Kf1 Rgxg2 34. Nf5+ Kf8 35. Rxf3 exf3 36. Ng3 Bxg3 37. fxg3 Rh1# 0-1


[Site "https://www.chess.com"]

[Event "Titled Tuesday Blitz August 1 Early 2023"]
[White "Rozhkov, Viacheslav"]
[Black "Wagh Suyog"]
[WhiteFideId "4181484"]
[BlackFideId "25071688"]
[WhiteElo "2479"]
[BlackElo "2760"]
[Result "0-1"]
[Round "10"]
[TimeControl "180+1"]
[Date "2023.08.01"]
[WhiteClock "0:00:27"]
[BlackClock "0:01:04"]
[Board "59"]

1. e4 c5 2. Nf3 d6 3. d4 cxd4 4. Nxd4 Nf6 5. Nc3 a6 6. f4 e5 7. Nf3 Bg4 8. fxe5 Bxf3 9. Qxf3 dxe5 10. Bd2 Nbd7 11. O-O-O Qc7 12. g4 Nb6 13. g5 Nfd7 14. Be3 Bc5 15. Bxc5 Nxc5 16. h4 Ne6 17. h5 Nxg5 18. Qf5 h6 19. Nd5 Nxd5 20. Rxd5 O-O 21. Rxe5 Rac8 22. Bd3 Rfd8 23. Rd5 Re8 24. Rg1 Qh2 25. Rf1 Rc6 26. e5 Rce6 27. Re1 Qxh5 28. Rd7 Qh4 29. Rg1 g6 30. Rxg5 Qe1# 0-1


[Site "https://www.chess.com"]

[Event "Titled Tuesday Blitz August 1 Early 2023"]
[White "Palczert, Matyas"]
[Black "Starozhilov, Leonid"]
[WhiteFideId "784958"]
[BlackFideId "14106752"]
[WhiteElo "2550"]
[BlackElo "2734"]
[Result "0-1"]
[Round "10"]
[TimeControl "180+1"]
[Date "2023.08.01"]
[WhiteClock "0:00:00"]
[BlackClock "0:00:05"]
[Board "60"]

1. e4 g6 2. d4 Bg7 3. Nf3 d6 4. Be2 Nf6 5. Nc3 Bg4 6. h3 Bxf3 7. Bxf3 Nc6 8. Ne2 O-O 9. O-O a6 10. g4 e5 11. d5 Nd4 12. Bg2 Nxe2+ 13. Qxe2 Nd7 14. c4 Bf6 15. b4 a5 16. bxa5 Rxa5 17. Be3 Bg5 18. Qd2 Bxe3 19. Qxa5 Bd4 20. Rad1 Nc5 21. Kh1 b6 22. Qd2 Qh4 23. f4 Ra8 24. Qe2 Ra3 25. Rf3 Ra8 26. Rdf1 exf4 27. Rxf4 Be5 28. R4f3 f6 29. Qf2 Qg5 30. Qe3 Qxe3 31. Rxe3 Rxa2 32. Ref3 h6 33. Re3 Kg7 34. Rfe1 Ra4 35. Bf1 Ra2 36. Be2 Bd4 37. Rf3 Nxe4 38. Bd3 Nf2+ 39. Rxf2 Rxf2 40. Re7+ Kf8 41. Rxc7 f5 42. gxf5 gxf5 43. Rh7 Rf3 44. Be2 Rxh3+ 45. Kg2 Rh4 46. Rd7 Be5 47. Rb7 Rh2+ 48. Kf3 Rh3+ 49. Kg2 Rb3 0-1


[Site "https://www.chess.com"]

[Event "Titled Tuesday Blitz August 1 Early 2023"]
[White "Xu, Yi"]
[Black "Andreev, Konstantin"]
[WhiteFideId "8605564"]
[BlackFideId "24239305"]
[WhiteElo "2725"]
[BlackElo "2547"]
[Result "1-0"]
[Round "10"]
[TimeControl "180+1"]
[Date "2023.08.01"]
[WhiteClock "0:00:07"]
[BlackClock "0:00:00"]
[Board "61"]

1. d4 Nf6 2. c4 e6 3. Nf3 d5 4. Nc3 dxc4 5. e4 b5 6. Nxb5 Nxe4 7. Bxc4 Bb7 8. O-O Be7 9. Bf4 Na6 10. Rc1 Nd6 11. Qe2 Nxc4 12. Qxc4 O-O 13. Ne5 Bd6 14. Rfd1 Bd5 15. Qa4 Nb8 16. Bg3 f6 17. Nxd6 fxe5 18. Nb5 c6 19. Nc3 exd4 20. Rxd4 Nd7 21. Nxd5 cxd5 22. Qc6 Qe8 23. Re1 Rf6 24. Rxd5 exd5 25. Rxe8+ Rxe8 26. Qxd5+ Kh8 27. h3 Nb6 28. Qb5 Ref8 29. a4 Rf5 30. Qb4 Nd5 31. Qd4 R8f7 32. b4 h5 33. b5 Nf6 34. Qc4 Nd7 35. a5 Kh7 36. Kh2 g5 37. f3 R5f6 38. Qd5 Kh6 39. h4 gxh4 40. Bxh4 Rf5 41. Qd2+ Kh7 42. Qd3 Kg7 43. Bg3 Kh6 44. Bf2 R5f6 45. Be3+ Kg7 46. Bd4 1-0


[Site "https://www.chess.com"]

[Event "Titled Tuesday Blitz August 1 Early 2023"]
[White "Panesar Vedant"]
[Black "Fiorito, Francisco"]
[WhiteFideId "35033018"]
[BlackFideId "180165"]
[WhiteElo "2705"]
[BlackElo "2538"]
[Result "0-1"]
[Round "10"]
[TimeControl "180+1"]
[Date "2023.08.01"]
[WhiteClock "0:00:08"]
[BlackClock "0:00:08"]
[Board "62"]

1. d4 Nf6 2. c4 c5 3. d5 b5 4. cxb5 a6 5. e3 g6 6. Nc3 Bg7 7. Nf3 O-O 8. a4 axb5 9. Bxb5 d6 10. O-O Ba6 11. Bd2 Nbd7 12. h3 Nb6 13. e4 Nc4 14. Bxa6 Nxd2 15. Nxd2 Rxa6 16. Nc4 Qb8 17. Qc2 Qb4 18. Nb5 Nd7 19. Ra3 Rb8 20. Rfa1 Nb6 21. Nxb6 Raxb6 22. Rb3 Qa5 23. Qc4 h5 24. Raa3 h4 25. Kf1 R8b7 26. Ra1 Be5 27. Rd1 Ra6 28. Ra1 Qd2 29. Qe2 Qa5 30. Ra2 Rb8 31. Raa3 Rab6 32. Ra1 Ra8 33. Qd3 Rc8 34. Qc4 Ra8 35. Qe2 Rb7 36. Ra2 Rbb8 37. Rf3 Rxb5 38. Qxb5 Qxb5+ 39. axb5 Rxa2 40. Ra3 Rxb2 41. Ra8+ Kg7 42. Ra7 Rxb5 43. Rxe7 c4 44. Rc7 Rc5 45. Rxc5 dxc5 46. Ke2 c3 47. Kd3 g5 48. Kc2 Kf6 0-1


[Site "https://www.chess.com"]

[Event "Titled Tuesday Blitz August 1 Early 2023"]
[White "nickVet"]
[Black "Toropov, Pavel"]
[BlackFideId "24129178"]
[WhiteElo "2698"]
[BlackElo "2535"]
[Result "1-0"]
[Round "10"]
[TimeControl "180+1"]
[Date "2023.08.01"]
[WhiteClock "0:01:34"]
[BlackClock "0:01:20"]
[Board "63"]

1. e4 e6 2. d4 d5 3. Nd2 dxe4 4. Nxe4 Nd7 5. Nf3 Ngf6 6. Nxf6+ Nxf6 7. g3 b6 8. Bg2 Bb7 9. O-O Be7 10. a4 a6 11. c3 O-O 12. Ne5 Bxg2 13. Kxg2 Qd5+ 14. Qf3 Qxf3+ 15. Kxf3 c5 16. Be3 Rac8 17. a5 cxd4 18. Bxd4 b5 19. Rfd1 Rfd8 20. Bb6 Rxd1 21. Rxd1 Kf8 22. Nd7+ Ke8 23. Nxf6+ Bxf6 24. Ke4 Rc4+ 25. Ke3 g5 26. Kd3 g4 27. Rc1 Rc6 28. b3 Rd6+ 29. Ke2 Bg5 30. Rc2 Kd7 31. c4 Kc6 32. cxb5+ Kxb5 33. Rc5+ Kb4 34. Rxg5 f5 35. Rg7 Kxb3 36. Ra7 1-0


[Site "https://www.chess.com"]

[Event "Titled Tuesday Blitz August 1 Early 2023"]
[White "Ardelean, George-Catalin"]
[Black "Womacka, Mathias"]
[WhiteFideId "1207091"]
[BlackFideId "4611390"]
[WhiteElo "2696"]
[BlackElo "2534"]
[Result "0-1"]
[Round "10"]
[TimeControl "180+1"]
[Date "2023.08.01"]
[WhiteClock "0:00:14"]
[BlackClock "0:00:23"]
[Board "64"]

1. d4 Nf6 2. Bf4 e6 3. e3 c5 4. Nc3 cxd4 5. exd4 d5 6. Nb5 Na6 7. c3 Be7 8. Bd3 O-O 9. h4 Ne4 10. h5 Bg5 11. Nh3 Bxf4 12. Nxf4 Qg5 13. Qf3 Bd7 14. h6 g6 15. Rh3 Bxb5 16. Bxb5 Nc7 17. Bd3 e5 18. Nxd5 Qd2+ 19. Kf1 Qxb2 20. Ne7+ Kh8 21. Rd1 f5 22. Bxe4 fxe4 23. Qg3 Rf4 24. Kg1 Raf8 25. Rf1 exd4 26. Qg5 Qb5 27. Nxg6+ hxg6 28. Qxg6 Qd7 29. Rg3 Ne6 30. cxd4 Qf7 31. d5 Qxg6 32. Rxg6 Nd4 33. d6 Ne2+ 34. Kh2 Rh4# 0-1


[Site "https://www.chess.com"]

[Event "Titled Tuesday Blitz August 1 Early 2023"]
[White "Gunina, Valentina"]
[Black "Eynullayev, Altay"]
[WhiteFideId "4167570"]
[BlackFideId "13413562"]
[WhiteElo "2691"]
[BlackElo "2532"]
[Result "0-1"]
[Round "10"]
[TimeControl "180+1"]
[Date "2023.08.01"]
[WhiteClock "0:00:00"]
[BlackClock "0:00:07"]
[Board "65"]

1. d4 Nf6 2. c4 e6 3. Nf3 d5 4. Nc3 Nbd7 5. Bf4 dxc4 6. e3 Nd5 7. Bxc4 Nxf4 8. exf4 Nb6 9. O-O Nxc4 10. Qa4+ Bd7 11. Qxc4 Bd6 12. Ne5 O-O 13. Ne4 Bxe5 14. fxe5 Bc6 15. Nc3 Qh4 16. f4 Rad8 17. Rad1 Rd7 18. b4 Qg4 19. Rd2 Rfd8 20. b5 Rxd4 21. h3 Rxd2 22. hxg4 Rxg2+ 23. Kh1 Rdd2 24. Rf2 Rgxf2+ 25. bxc6 Rh2+ 26. Kg1 Rdg2+ 27. Kf1 Rc2 28. Kg1 Rhd2 29. Qf1 Rxc3 30. cxb7 Rb2 31. Qd1 h6 32. Qd8+ Kh7 33. Qd1 Rxb7 34. Qd2 Rg3+ 35. Kf2 Rxg4 36. Qd3+ Rg6 37. Qd7 Rb2+ 38. Kf3 f6 39. Qxe6 fxe5 40. Qxe5 Rbb6 41. Qxc7 a6 42. Qc2 Rf6 43. Qd3 h5 44. Qc2 Kh6 45. Qc8 Kh7 46. Qc2 Rc6 47. Qd3 Rd6 48. Qf5 Rf6 49. Qxh5+ Kg8 50. Qd5+ Kf8 51. Qc5+ Ke8 52. Qe5+ Re6 53. Qd5 Rgf6 54. Qa8+ Kf7 55. Qd5 Ke7 56. Qc5+ Rd6 57. Qe5+ Kd7 58. Qg5 g6 59. Qc5 Rc6 60. Qd5+ Kc7 61. Qe5+ Kb6 62. Qd4+ Kb5 63. Qe5+ Ka4 64. Qb2 Rb6 65. Qc2+ Ka3 66. Kg4 Rfc6 67. Qd3+ Kxa2 68. Qd5+ Ka3 69. Qd3+ Ka4 70. Qe4+ Kb3 71. Qd5+ Kc3 72. Qe5+ Kc4 73. Qe4+ Kb5 74. Qd3+ Rc4 75. Qb1+ Kc5 0-1


[Site "https://www.chess.com"]

[Event "Titled Tuesday Blitz August 1 Early 2023"]
[White "Santos Flores, Alberto"]
[Black "Schnaider, Ilan"]
[WhiteFideId "3601234"]
[BlackFideId "169013"]
[WhiteElo "2525"]
[BlackElo "2686"]
[Result "1-0"]
[Round "10"]
[TimeControl "180+1"]
[Date "2023.08.01"]
[WhiteClock "0:00:16"]
[BlackClock "0:00:02"]
[Board "66"]

1. e4 d5 2. exd5 Qxd5 3. Nf3 Bg4 4. Be2 Nf6 5. d4 g6 6. O-O Bg7 7. h3 Bf5 8. c4 Qd7 9. Ne5 Qd8 10. g4 Bxb1 11. Rxb1 O-O 12. Be3 Nbd7 13. f4 c5 14. dxc5 Qc7 15. Nxd7 Nxd7 16. b4 Rad8 17. Qc2 a5 18. a3 e5 19. f5 e4 20. Bf4 Bd4+ 21. Kg2 Qc6 22. Rbd1 Be5 23. Rxd7 Rxd7 24. Bxe5 e3+ 25. Bf3 Qc8 26. Bd6 Re8 27. Qe2 axb4 28. axb4 Qa8 29. Bd5 Qa3 30. b5 Qc3 31. Rf3 Qd4 32. Bf4 Qxc5 33. Rxe3 Rde7 34. Rxe7 Rxe7 35. Qf2 Qb4 36. Bg5 Rd7 37. Bf6 Qd6 38. g5 Qa3 39. Qe2 Qa8 40. Qe4 Qa2+ 41. Kg3 Qa3+ 42. Kg4 gxf5+ 43. Qxf5 Rc7 44. Be5 Qe3 45. Bxc7 Qd4+ 46. Bf4 Qg1+ 47. Bg3 Qd1+ 48. Bf3 Qd4+ 49. Be4 Qd1+ 50. Qf3 Qd7+ 51. Bf5 Qd4+ 52. Qe4 Qd1+ 53. Kf4 Qd2+ 54. Kf3 Qd1+ 55. Qe2 Qh1+ 56. Kf2 Kg7 57. Qe5+ Kg8 58. Qe8+ Kg7 59. Be5+ f6 60. Bxf6# 1-0


[Site "https://www.chess.com"]

[Event "Titled Tuesday Blitz August 1 Early 2023"]
[White "Nagare Kaivalya Sandip"]
[Black "Jaskolka, Tomasz"]
[WhiteFideId "25957929"]
[BlackFideId "1170791"]
[WhiteElo "2670"]
[BlackElo "2529"]
[Result "0-1"]
[Round "10"]
[TimeControl "180+1"]
[Date "2023.08.01"]
[WhiteClock "0:01:22"]
[BlackClock "0:00:13"]
[Board "67"]

1. e4 d5 2. exd5 Nf6 3. c4 c6 4. d4 cxd5 5. Nc3 Nc6 6. Nf3 e6 7. Bd3 dxc4 8. Bxc4 Bb4 9. O-O O-O 10. Bg5 h6 11. Bh4 Be7 12. Re1 Nb4 13. Qb3 Nc6 14. Rad1 Na5 15. Qa4 Nxc4 16. Qxc4 Nd5 17. Bxe7 Nxe7 18. d5 Nxd5 19. Nxd5 exd5 20. Qd4 Be6 21. Re3 Qb6 22. Rb3 Qxd4 23. Nxd4 b6 24. Rc1 Rfc8 25. Rbc3 Rxc3 26. Rxc3 Rc8 27. Rxc8+ Bxc8 28. f3 Bd7 29. Kf2 Kf8 30. Ke3 Ke7 31. b4 a6 32. Kf4 Kd6 33. g4 g5+ 34. Ke3 Ke5 35. a3 f5 36. gxf5 Bxf5 37. Nc6+ Kd6 38. Nd4 Bd7 39. Ne2 Ke5 40. Nd4 Bb5 41. Nb3 h5 42. Nd4 Ba4 43. h4 gxh4 44. f4+ Kf6 45. Kf3 Bd1+ 46. Kf2 Bg4 47. Kg2 h3+ 48. Kh2 h4 49. Kg1 Bd7 50. Kf2 Kg6 51. Nf3 Kf5 52. Nxh4+ Kxf4 53. Ng6+ Ke4 54. Nf8 Bf5 0-1


[Site "https://www.chess.com"]

[Event "Titled Tuesday Blitz August 1 Early 2023"]
[White "Itgelt, Khuyagtsogt"]
[Black "Shapiro, Viktor"]
[WhiteFideId "4902912"]
[BlackFideId "4175700"]
[WhiteElo "2649"]
[BlackElo "2524"]
[Result "0-1"]
[Round "10"]
[TimeControl "180+1"]
[Date "2023.08.01"]
[WhiteClock "0:00:01"]
[BlackClock "0:00:18"]
[Board "68"]

1. d4 Nf6 2. c4 e6 3. Nf3 c5 4. d5 exd5 5. cxd5 d6 6. g3 g6 7. Bg2 Bg7 8. Nc3 O-O 9. O-O Re8 10. Re1 Na6 11. Bf4 Nc7 12. e4 Bg4 13. a4 Nh5 14. Bd2 a6 15. h3 Bd7 16. g4 Nf6 17. Bf4 b5 18. Bxd6 b4 19. Bxc7 Qxc7 20. d6 Qa7 21. e5 bxc3 22. bxc3 Nxg4 23. hxg4 Bxg4 24. Qd5 Rad8 25. Rab1 Be6 26. Qb7 Qxb7 27. Rxb7 Bd5 28. Ra7 Bxf3 29. Bxf3 Rxe5 30. Rxe5 Bxe5 31. d7 Kf8 32. Bc6 Bxc3 33. Rxa6 Ke7 34. Bb5 Bd4 35. Ra7 Rb8 36. Rc7 Kd8 37. Rc6 Kxd7 38. Rxc5+ Ke6 39. Rc7 h5 40. Bc4+ Ke5 41. Rxf7 g5 42. Kg2 Rb2 43. Bd3 g4 44. Rf5+ Ke6 45. Rxh5 Rxf2+ 46. Kh1 Rd2 47. Bc4+ Kf6 48. Rh7 Kg5 49. Rh8 Kf4 50. Rg8 Kg3 51. Bf1 Rh2# 0-1


[Site "https://www.chess.com"]

[Event "Titled Tuesday Blitz August 1 Early 2023"]
[White "KrokerGuy"]
[Black "benny_aizenberg"]
[WhiteElo "2522"]
[BlackElo "2640"]
[Result "0-1"]
[Round "10"]
[TimeControl "180+1"]
[Date "2023.08.01"]
[WhiteClock "0:01:01"]
[BlackClock "0:01:09"]
[Board "69"]

1. e4 g5 2. d4 g4 3. Nc3 h5 4. h3 g3 5. fxg3 Bg7 6. Nf3 d6 7. Bc4 Nc6 8. O-O e6 9. Bg5 Bxd4+ 10. Kh2 Bf6 11. Bxf6 Nxf6 12. Qe2 Qe7 13. e5 Ng4+ 14. hxg4 hxg4+ 15. Nh4 Rxh4+ 16. Kg1 Rh8 17. exd6 Qxd6 18. Qxg4 Ne5 19. Qg7 Qd4+ 20. Rf2 Nf3+ 21. gxf3 Qxg7 22. Rd1 Qxg3+ 0-1


[Site "https://www.chess.com"]